 Dungeon Crawl Stone Soup version 0.22.1-1-ga44c0e5 (webtiles) character file.

265 dvd the Bolt Thrower (level 6, -4/37 HPs)
             Began as a Kobold Hunter on Sept 27, 2018.
             Slain by a mummy (13 damage)
             ... in an ossuary.
             The game lasted 00:09:56 (3836 turns).

dvd the Bolt Thrower (Kobold Hunter)                Turns: 3836, Time: 00:09:57

Health: -4/37      AC:  3    Str: 11    XL:     6   Next: 44%
Magic:  0/6        EV: 15    Int: 13    God:
Gold:   115        SH:  0    Dex: 15    Spells: 5/5 levels left

rFire    . . .     SeeInvis .   a - +1 hand crossbow
rCold    . . .     Gourm    .   (shield restricted)
rNeg     . . .     Faith    .   c - +0 leather armour
rPois    .         Spirit   +   v - -2 helmet (curse)
rElec    .         Reflect  .   e - +0 cloak
rCorr    .         Harm     .   (no gloves)
MR       .....                  (no boots)
Stlth    ++........             p - amulet of guardian spirit
HPRegen  0.12/turn              (no ring)
MPRegen  0.10/turn              (no ring)

@: marked
A: small, carnivore
a: no special abilities


You were in an ossuary.
You were completely stuffed.

You visited 2 branches of the dungeon, and saw 5 of its levels.
You also visited: Ossuary.

You collected 115 gold pieces.

Inventory:

Hand Weapons
 a - a +1 hand crossbow (weapon)
 b - a +0 short sword
Missiles
 d - 62 bolts (quivered)
Armour
 c - a +0 leather armour (worn)
 e - a +0 cloak (worn)
 q - a +0 robe
 v - a cursed -2 helmet (worn)
Jewellery
 p - an amulet of guardian spirit (around neck)
Wands
 u - a wand of paralysis (4)
 y - a wand of acid (5)
Scrolls
 g - a scroll of teleportation {unknown}
 h - 2 scrolls of fear
 i - a scroll of random uselessness {unknown}
 k - a scroll of immolation {unknown}
 m - a scroll of blinking {unknown}
 n - a scroll of identify {unknown}
 o - a scroll of remove curse {unknown}
 r - a scroll of noise {unknown}
 s - a scroll of amnesia {unknown}
Potions
 j - a potion of brilliance {unknown}
 l - 2 potions of ambrosia {unknown}
 t - 2 potions of agility {unknown}
 x - a potion of curing
 z - a potion of lignification {unknown}
Comestibles
 f - 5 rations


   Skills:
 + Level 3.1 Fighting
 + Level 3.0 Short Blades
 + Level 6.9 Crossbows
 + Level 1.5 Armour
 + Level 2.8 Dodging
 + Level 2.1 Stealth


You had 5 spell levels left.
You didn't know any spells.
Your spell library contained the following spells:

 Spells                   Type           Power        Failure   Level  Hunger
 Animate Skeleton         Necr           N/A          38%         1    ##.....
 Apportation              Tloc           #.....       38%         1    ##.....
 Confusing Touch          Hex            #.....       38%         1    ##.....
 Summon Small Mammal      Summ           #...         38%         1    ##.....


Dungeon Overview and Level Annotations

Branches:
Dungeon (4/15)             Temple (1/1) D:4

Altars:
Ashenzari
Dithmenos
Elyvilon
Fedhas
Gozag
Hepliaklqana
Makhleb
Qazlal
Ru
Sif Muna
Trog
Uskayaw
Vehumet
Wu Jian
Xom
Zin
The Shining One


Innate Abilities, Weirdness & Mutations

You are small and have problems with some larger weapons.
You are carnivorous and can eat meat at any time.


Message History

You hear a blaring wail to the northeast.
The mummy hits you! The big kobold zombie hits you.
You shred the net and break free!
A mummy comes into view.
You found an alarm trap!
You hear a blaring wail to the west.
A large net falls down onto the mummy!
The mummy is caught in the net!
As you read the scroll labeled SUGROPS WEMI, it crumbles to dust.
You assume a fearsome visage.
The mummy is unaffected. x4
The big kobold zombie is unaffected.
It was a scroll of fear.
The big kobold zombie hits you but does no damage.
Unknown command.
Okay, then.
Unknown command.
The mummy misses you.
The mummy struggles against the net.
The big kobold zombie closely misses you.
The mummy barely misses you. The mummy hits you!
* * * LOW HITPOINT WARNING * * *
The mummy struggles against the net.
The mummy hits you!
You die...

#########
#+#+#+#+#+#+#+#.......###
.........Z@............(##
.........MM..............#
....M....M......^∩.∩.(...#
........^.......^^.......#
........................##
#+#+#+#+#+#+#(#^......###
#(######### ###


You could see 4 mummies and a big kobold zombie.

Vanquished Creatures
  A hound (D:4)
  Jessica (D:2)
  3 worker ants (D:4)
  6 adders
  An ooze (D:1)
  2 worms
  4 leopard geckos
  An orc (D:3)
  A ball python (D:2)
  3 giant cockroaches
  6 goblins
  7 hobgoblins
  6 jackals
  4 kobolds (D:2)
  2 quokkas (D:2)
  10 bats
  8 frilled lizards
  A jackal skeleton (D:4)
  4 rats
71 creatures vanquished.

Notes
Turn   | Place    | Note
-------+----------+-------------------------------------------
     0 | D:1      | dvd the Kobold Hunter began the quest for the Orb.
     0 | D:1      | Reached XP level 1. HP: 12/12 MP: 1/1
    89 | D:1      | Reached skill level 5 in Crossbows
   134 | D:1      | Reached XP level 2. HP: 17/17 MP: 2/2
   513 | D:1      | Reached skill level 1 in Short Blades
   623 | D:1      | Reached XP level 3. HP: 22/22 MP: 3/3
  1083 | D:2      | Found a deep blue altar of Sif Muna.
  1223 | D:2      | Reached XP level 4. HP: 27/27 MP: 4/4
  1517 | D:2      | Reached skill level 6 in Crossbows
  1576 | D:2      | Noticed Jessica
  1577 | D:2      | Killed Jessica
  1592 | D:2      | Reached XP level 5. HP: 30/31 MP: 5/5
  2721 | D:2      | Reached skill level 1 in Armour
  3465 | D:4      | Reached XP level 6. HP: 37/37 MP: 6/6
  3550 | D:4      | Found a staircase to the Ecumenical Temple.
  3612 | Temple   | Entered the Ecumenical Temple
  3803 | D:4      | Found a sand-covered staircase.
  3808 | Ossuary  | Entered an ossuary
  3836 | Ossuary  | Slain by a mummy

Skill      XL: |  1  2  3  4  5  6 |
---------------+-------------------+-----
Crossbows      | 5 6 |  6.9
Short Blades   | 1 2 3 |  3.0
Stealth        | 2 |  2.1
Armour         | 1 |  1.5
Fighting       | 3 |  3.1
Dodging        | |  2.8

Action                   |  1- 3 |  4- 6 || total
-------------------------+-------+-------++-------
Melee: Short sword       |    26 |    65 ||    91
 Fire: Hand crossbow     |    44 |    91 ||   135
  Use: Scroll            |       |     1 ||     1
 Stab: Sleeping          |     2 |       ||     2
  Eat: Chunk             |     9 |     8 ||    17
Armor: Leather armour    |     8 |    19 ||    27
Dodge: Dodged            |    26 |    81 ||   107
